AoeStats
← Uthred

Arena

508288446Analyzed
1v1 RM · 12d ago on Sep 21, 2026· 70m 23s· 2 players
Game mode
Random Map
Map size
Tiny (2 player)
Population
200
Speed
Normal
Resources
Standard
Victory
Conquest
Starting age
Dark Age
Ending age
Imperial Age
RankedLock teamsTeams togetherTeam positionsShared explorationLock speedFull tech treeHidden civsTurbo modeCheats
Victory
Defeat
🇺🇸 Mongols · United States
164
+14
🇵🇭 Portuguese · Philippines
111
-14
Uthred
15:19 Feudal Age
16:05 Double-Bit Axe
16:04 Horse Collar
20:33 Castle Age
23:11 Elite Skirmisher
29:55 Man-at-Arms
32:20 Fervor
38:19 Murder Holes
41:47 Ballistics
41:38 Fortified Wall
43:00 Bow Saw
42:53 Heavy Plow
50:00 Imperial Age
47:45 Pikeman
49:53 Forging
49:39 Fletching
51:59 Chemistry
61:15 Long Swordsman
67:23 Thumb Ring
66:51 Halberdier
frenchfroggygg
7:02 Loom
7:14 Loom
10:55 Feudal Age
12:18 Wheelbarrow
12:11 Horse Collar
13:21 Double-Bit Axe
28:17 Castle Age
28:44 Crossbowman
32:04 Hand Cart
33:35 Padded Archer Armor
33:26 Fletching
33:42 Scale Barding Armor
33:51 Forging
33:42 Scale Mail Armor
39:03 Heavy Plow
39:19 Bow Saw
41:20 Leather Archer Armor
41:01 Bodkin Arrow
41:16 Bodkin Arrow
41:58 Iron Casting
44:01 Masonry
43:50 Murder Holes
44:22 Ballistics
43:54 Guard Tower
46:47 Chain Mail Armor
46:53 Chain Barding Armor
49:58 Imperial Age
50:28 Onager
51:56 Elite Mangudai
52:42 Nomads
54:51 Capped Ram
56:06 Siege Ram
57:17 Bracer
58:19 Blast Furnace
57:50 Plate Mail Armor
59:17 Hoardings
66:31 Siege Onager
Connection lost

Rejoining the realm…

Still unreachable

The connection could not be restored.

Session expired

The server has moved on; the page needs a fresh start.